 Dungeon Crawl Stone Soup version 0.20-a0-656-g9b0dcd9 (webtiles) character file.

51 Chiseanne the Ducker (level 3, -1/18 HPs)
             Began as a Spriggan Gladiator on Feb 16, 2017.
             Slain by Natasha (6 damage)
             ... on level 2 of the Dungeon.
             The game lasted 00:02:42 (1350 turns).

Chiseanne the Ducker (Spriggan Gladiator)           Turns: 1350, Time: 00:02:43

Health: -1/18      AC:  4    Str: 10    XL:     3   Next: 58%
Magic:  4/4        EV: 22    Int:  9    God:
Gold:   27         SH:  0    Dex: 18    Spells: 2/2 levels left

rFire    . . .     SeeInvis +   s - +0 trident (venom)
rCold    . . .     Gourm    .   i - +2 animal skin
rNeg     . . .     Faith    .   (shield currently unavailable)
rPois    .         Spirit   .   c - +0 hat
rElec    .         Reflect  .   (no cloak)
rCorr    .         Harm     .   (gloves unavailable)
MR       .....                  (boots unavailable)
Stlth    ++........             (no amulet)
Regen    0.1/turn               (no ring)
MPRegen  0.1/turn               (no ring)

@: very quick
A: unfitting armour, see invisible, herbivore 3, speed 3, slow metabolism 2
a: no special abilities


You were on level 2 of the Dungeon.
You were not hungry.

You visited 1 branch of the dungeon, and saw 2 of its levels.

You collected 27 gold pieces.

Inventory:

Hand Weapons
 a - a +0 long sword
 s - a +0 trident of venom (weapon)
Missiles
 d - 3 throwing nets (quivered)
 e - 17 poisoned needles
 j - 16 stones
 m - 17 arrows
Armour
 c - a +0 hat (worn)
 i - a +2 animal skin (worn)
Scrolls
 h - a scroll of magic mapping
Potions
 k - a potion of lignification {unknown}
 l - a potion of haste
Comestibles
 f - 2 bread rations


   Skills:
 * Level 1.5 Fighting
 - Level 2.4 Long Blades
 - Level 2.0 Throwing
 - Level 6.7 Dodging


You had 2 spell levels left.
You didn't know any spells.

Dungeon Overview and Level Annotations

Branches:
Dungeon (2/15)

Altars:

Annotations:
D:2 Natasha


Innate Abilities, Weirdness & Mutations

You are very small and have problems with some larger weapons.
You are too small for most types of armour.
You have supernaturally acute eyesight. (SInv)
You are a herbivore.
You cover ground extremely quickly.
You need consume almost no food.


Message History

Natasha completely misses you.
You hit Natasha.
Natasha is heavily wounded.
Natasha barely misses you. Natasha casts a spell at you.
The magic dart hits you!
You miss Natasha.
Natasha is heavily wounded.
Natasha mumbles some strange words.
You feel troubled. Natasha completely misses you. Natasha barely misses you.
You puncture Natasha!
Natasha is poisoned.
Natasha is almost dead.
Natasha claws you!
* * * LOW HITPOINT WARNING * * *
Natasha misses you.
You closely miss Natasha.
Natasha is almost dead.
Natasha claws you.
You die...

#############
#..>........#######
#.###.............#
#.###.#####.......#
##.##)#.####.####..#
#..@.###.....# #..#
#.h##.#.#########..#
#..###.## ##......
#..# #.######...#..#
#..# #...........)<#
#..# ########...#)##
#..# ........##.##
#..# .#########...
...# #.##


You could see Natasha.

Vanquished Creatures
  Robin (D:1)
  An ooze (D:1)
  2 bats (D:1)
  2 giant cockroaches (D:1)
  6 goblins
  10 hobgoblins
  5 kobolds (D:1)
  3 frilled lizards (D:1)
  2 rats (D:1)
32 creatures vanquished.

Notes
Turn   | Place    | Note
-------+----------+-------------------------------------------
     0 | D:1      | Chiseanne the Spriggan Gladiator began the quest for the Orb.
     0 | D:1      | Reached XP level 1. HP: 10/10 MP: 2/2
   207 | D:1      | Reached skill level 5 in Dodging
   327 | D:1      | Reached XP level 2. HP: 14/14 MP: 3/3
   738 | D:1      | Reached skill level 6 in Dodging
   909 | D:1      | Reached XP level 3. HP: 18/18 MP: 4/4
   951 | D:2      | Noticed Robin
  1092 | D:1      | Killed Robin
  1338 | D:2      | Noticed Natasha
  1350 | D:2      | Slain by Natasha

Vault maps used:
D:1:      doesnt_arrival_eight_statues, st_stairs_5
D:2:      lemuel_round_altar, uniq_sigmund, uniq_robin, uniq_natasha

Skill      XL: |  1  2 |
---------------+-------+-----
Dodging        | 5 6 |  6.7
Fighting       | |  1.5
Long Blades    | |  2.4
Throwing       | |  2.0

Action                   || total
-------------------------++-------
Melee: Long sword        ||    79
       Trident           ||    10
Throw: Throwing net      ||     1
  Use: Scroll            ||     3
       Potion            ||     1
 Stab: Sleeping          ||     1
       Held in net/web   ||     1
Armor: Robe              ||     2
       Animal skin       ||     1
Dodge: Dodged            ||    96
       Rpst.: Long sword ||    33
